 Dungeon Crawl Stone Soup version 0.17-a0-1778-gd369669 (webtiles) character file.

37 LordVetinari the Skirmisher (level 3, 0/30 HPs)
             Began as a Demonspawn Abyssal Knight on Sept 8, 2015.
             Was a Follower of Lugonu.
             Slain by Terence
             ... wielding a +0 trident
              (7 damage)
             ... on level 2 of the Dungeon.
             The game lasted 00:16:50 (1878 turns).

LordVetinari the Skirmisher (DsAK)                  Turns: 1878, Time: 00:16:50

Health: 0/30       AC:  3    Str: 13    XL:     3   Next: 21%
Magic:  5/5        EV: 11    Int: 13    God:    Lugonu [*.....]
Gold:   62         SH:  0    Dex: 12    Spells: 0 memorised, 2 levels left

rFire  . . .     SeeInvis .     a - +1 falchion
rCold  + . .     Clarity  .     q - +0 leather armour (curse)
rNeg   . . .     SustAt   .     (no shield)
rPois  .         Gourm    .     (no helmet)
rElec  .         Spirit   .     (no cloak)
rCorr  .         Warding  .     (no gloves)
rMut   .         Stasis   .     (no boots)
MR     .....                    (no amulet)
Stlth  +.........               (no ring)
                                (no ring)

@: not resistant to hostile enchantments, very unstealthy
A: talons 1, cold resistance 1
a: Depart the Abyss, Renounce Religion


You were on level 2 of the Dungeon.
You worshipped Lugonu.
Lugonu was aware of your devotion.
You were not hungry.

You visited 1 branch of the dungeon, and saw 2 of its levels.
You visited the Abyss 1 time.

You collected 62 gold pieces.

Inventory:

Hand weapons
 a - a +1 falchion (weapon)
Missiles
 e - 7 curare-tipped needles
Armour
 b - a +0 leather armour
 f - a +0 ring mail
 j - a +0 leather armour
 q - a cursed +0 leather armour (worn)
Jewellery
 k - an uncursed ring of wizardry
Scrolls
 m - a scroll of noise
 p - a scroll of enchant armour
 r - a scroll of teleportation
Potions
 d - a potion of curing {unknown}
 h - a potion of magic {unknown}
 i - a potion of cure mutation {unknown}
 n - a potion of flight {unknown}
 o - a potion of degeneration {unknown}
 s - a potion of agility {unknown}
Comestibles
 c - 2 bread rations


   Skills:
 + Level 3.7 Fighting
 + Level 2.1 Long Blades
 + Level 2.0 Armour
 + Level 1.2 Dodging
 + Level 2.7 Invocations


You had 2 spell levels left.
You didn't know any spells.

Dungeon Overview and Level Annotations

Branches:
Dungeon (2/15)

Altars:
Ashenzari
Nemelex Xobeh

Annotations:
D:2 Terence


Innate Abilities, Weirdness & Mutations

You have sharp toenails.
Your flesh is cold resistant.


Message History

Terence says, "You're history."
Terence closely misses you.
Drink which item? (? for menu, Esc to quit)
Okay, then.
Press: ? - help, v - describe, . - travel The floor.
Terence barely misses you. Terence barely misses you.
Terence says, "How do you enjoy it?"
Terence screams, "I'm going to kill you!"
Terence barely misses you. Terence closely misses you.
Terence bares his teeth.
Terence barely misses you.
You see here a robe.
Terence hits you from afar with a trident.
* * * LOW HITPOINT WARNING * * *
Terence hits you but does no damage.
Terence hits you from afar with a trident!
You die...

###########
###.........####
#........[......
#####.##.#####......
#.....#..#...#......
#.###....#...#......
#.*##@####...####...
#.##..#⌠.##'##(⌠#.(.
#..@..#.........#...
#..#####.......###.#
#..#...........#....
##.+...+..._...'...#
#.#...#.......#...#
#.###.#.......##.##
#....#.........#...
###..#⌠.##+##.⌠#...
##.#.#....#.##...


You could see Terence.

Vanquished Creatures
  An adder (D:2)
  3 giant geckos
  2 bats (D:1)
  A giant cockroach (D:1)
  4 goblins
  5 hobgoblins
  2 giant newts
  4 kobolds
  2 rats (D:1)
  A plant (D:1)
25 creatures vanquished.

Notes
Turn   | Place    | Note
--------------------------------------------------------------
     0 | Abyss:1  | LordVetinari the Demonspawn Abyssal Knight began the quest for the Orb.
     0 | Abyss:1  | Reached XP level 1. HP: 18/18 MP: 2/2
     8 | D:1      | Escaped the Abyss
   702 | D:1      | Gained mutation: You have sharp toenails. [demonic ancestry]
   702 | D:1      | Reached XP level 2. HP: 18/24 MP: 3/3
   773 | D:1      | Acquired Lugonu's first power
   854 | D:1      | Reached skill level 1 in Dodging
   873 | D:1      | Found a sparkling altar of Nemelex Xobeh.
  1592 | D:2      | Gained mutation: Your flesh is cold resistant. [demonic ancestry]
  1592 | D:2      | Reached XP level 3. HP: 15/30 MP: 3/5
  1647 | D:2      | Found a shattered altar of Ashenzari.
  1805 | D:2      | Noticed Terence
  1878 | D:2      | Slain by Terence

Vault maps used:
D:1:      lightli_arrival_windingriver, hangedman_decor_points,
          nemelex_diamond_rough_becter
D:2:      evilmike_ruin_ashenzari, uniq_terence

Action                   || total
-------------------------++-------
Melee: Falchion          ||   149
Invok: Depart the Abyss  ||     1
  Use: Scroll            ||     5
  Eat: Bread ration      ||     1
